Map: Acid Plant LE

Players

SpeCial

  • Race: Terran Terran
  • League: Master
  • Spawn Location: 11:00

TYTY (TY) - Winner!

  • Race: Terran Terran
  • League: Master
  • Spawn Location: 5:00

Event: Memes & Dreams Invitational

VOD

Have the link to the VOD?

Description

Time

  • Played on: April 15, 2018, 1:22 a.m.
  • Length: 14:52

All games in this series

Show
View Real Time Build Order
Export as new Build Order

SpeCial Terran 

Build Orders: Gas First Reaper Expand, Reaper Expand, Bio Tank, Banshee Rush 

Get SALT Encoding   

  12  0:00  SCV  
  13  0:13  SCV  
  14  0:17  Supply Depot  
  14  0:25  SCV  
  15  0:28  Refinery  
  15  0:39  SCV  
  16  0:44  Barracks  
  16  0:51  SCV  
  17  1:03  SCV  
  18  1:15  SCV  
  19  1:31  Reaper  
  19  1:32  Orbital Command  
  20  1:43  Command Center  
  20  1:54  Factory  
  20  1:58  SCV  
  21  2:03  Marine  
  22  2:08  Supply Depot  
  22  2:10  SCV  
  23  2:18  Refinery  
  23  2:24  Barracks Tech Lab  
  23  2:30  SCV  
  24  2:39  Hellion  
  24  2:42  SCV  
  27  2:44  Starport  
  27  2:53  Marine  
  27  2:55  SCV  
  27  2:56  Orbital Command  
  29  3:03  Widow Mine  
  31  3:07  SCV  
  31  3:12  Marine  
  32  3:21  SCV  
  32  3:22  SCV, Cloaking Field  
  32  3:23  Banshee  
  37  3:33  SCV  
  37  3:34  Marine  
  38  3:37  Supply Depot, Bunker, SCV  
  40  3:43  Cyclone  
  43  3:48  SCV  
  43  3:49  SCV  
  43  3:54  Marine  
  46  3:59  Supply Depot  
  46  4:01  SCV x2  
  48  4:06  Banshee  
  51  4:14  Barracks Reactor  
  51  4:20  Command Center  
  51  4:22  Factory Tech Lab  
  51  4:24  SCV  
  52  4:25  SCV  
  53  4:34  Supply Depot  
  53  4:36  SCV  
  53  4:37  SCV  
  55  4:48  SCV  
  55  4:49  Siege Tank, SCV, Refinery  
  55  4:50  Refinery  
  60  4:56  Marine  
  61  5:00  Marine  
  61  5:03  SCV x2  
  61  5:07  Engineering Bay x2  
  61  5:15  SCV  
  61  5:18  SCV  
  63  5:23  Starport Reactor  
  63  5:25  Siege Tank  
  63  5:27  SCV  
  63  5:28  Marine, Barracks  
  67  5:29  Stimpack  
  67  5:31  Barracks, SCV  
  67  5:32  Supply Depot  
  69  5:39  SCV, Orbital Command  
  69  5:42  Terran Infantry Weapons Level 1  
  70  5:43  SCV, Terran Infantry Armor Level 1  
  70  5:46  Marine  
  72  5:51  SCV  
  72  5:56  Supply Depot  
  73  5:57  SCV  
  73  6:01  Supply Depot  
  73  6:03  Siege Tank, SCV  
  73  6:04  Marine  
  78  6:05  Orbital Command  
  78  6:09  SCV  
  78  6:10  Starport Reactor  
  80  6:16  Marine x2, SCV  
  83  6:21  Marine, SCV  
  85  6:28  Supply Depot, SCV  
  85  6:31  Marine x2  
  85  6:32  SCV  
  89  6:33  Barracks, Marine, SCV  
  89  6:34  Barracks  
  89  6:37  Marine  
  89  6:38  Supply Depot  
  89  6:39  Marine  
  93  6:40  Siege Tank, SCV  
  93  6:44  SCV  
  93  6:45  SCV  
  99  6:48  Marine  
  99  6:49  Marine  
  99  6:52  SCV  
  100  6:56  SCV  
  100  6:58  SCV  
  102  7:07  SCV  
  98  7:09  Marine x4  
  98  7:12  Siege Tank  
  98  7:13  SCV  
  98  7:14  Medivac x2  
  110  7:18  SCV  
  110  7:20  Marine  
  111  7:24  SCV  
  111  7:25  SCV  
  113  7:32  Barracks  
  113  7:34  Refinery x2  
  113  7:35  Missile Turret  
  113  7:36  SCV  
  112  7:37  SCV  
  112  7:38  Armory  
  112  7:39  Marine  
  112  7:43  Marine x2  
  112  7:44  Siege Tank, Barracks Reactor, Combat Shields  
  110  7:46  Orbital Command  
  110  7:50  Medivac x2  
  112  7:53  SCV x2  
  113  8:02  Marine x4  
  113  8:05  SCV x2  
  118  8:10  Missile Turret  
  118  8:11  Marine  
  119  8:16  Siege Tank, Liberator  
  119  8:17  SCV x2  
  119  8:18  SCV  
  119  8:19  Refinery  
  123  8:20  Marine x2  
  123  8:21  Refinery, Sensor Tower  
  123  8:24  Supply Depot  
  123  8:25  Supply Depot  
  125  8:28  Marine x2  
  125  8:29  SCV x2, Liberator  
  125  8:30  SCV  
  124  8:39  Supply Depot, Marine  
  125  8:41  Barracks Reactor  
  125  8:46  Marine, SCV x3  
  132  8:49  Terran Infantry Weapons Level 2  
  132  8:50  Marine x2  
  132  8:52  Marine x2  
  136  8:57  Marine  
  136  8:58  SCV x2  
  136  9:00  Marine  
  138  9:03  Marine  
  138  9:04  Terran Infantry Armor Level 2  
  138  9:05  Terran Vehicle Weapons Level 1  
  138  9:08  Marine  
  140  9:10  Marine, Supply Depot  
  140  9:12  Siege Tank  
  144  9:18  Marine x3  
  144  9:19  Marine x2  
  147  9:24  SCV x2  
  147  9:27  Marine  
  147  9:30  Supply Depot  
  149  9:31  Supply Depot  
  149  9:32  Marine, Viking x2  
  149  9:34  Marine x2  
  155  9:46  SCV  
  155  9:47  SCV  
  155  9:49  Supply Depot  
  155  9:50  Supply Depot  
  155  9:51  Siege Tank  
  160  9:54  Marine x4, Starport  
  160  9:55  Marine, Command Center  
  160  9:56  Missile Turret  
  160  9:57  Marine, Missile Turret  
  166  10:02  Marine x2  
  166  10:05  SCV x2  
  154  10:07  Viking x2  
  154  10:09  Marine  
  154  10:12  Marine x4  
  154  10:13  SCV  
  165  10:24  Marine x2  
  165  10:25  Supply Depot, Marine x2, Missile Turret  
  165  10:26  Marine  
  169  10:29  Siege Tank  
  169  10:31  Marine x3  
  169  10:33  Marine  
  176  10:39  Starport Tech Lab, Viking x2  
  176  10:40  Starport  
  176  10:41  Supply Depot  
  176  10:42  Marine  
  181  10:44  Marine  
  182  10:53  Marine x2  
  183  10:57  Banshee  
  183  11:03  Siege Tank  
  187  11:09  Marine x2, Medivac x2  
  186  11:12  Marine  
  185  11:18  Starport Tech Lab  
  185  11:23  Corvid Reactor  
  185  11:24  Marine x2  
  185  11:25  Marine x4  
  187  11:27  Marine  
  187  11:28  Marine  
  187  11:30  Marine  
  188  11:35  Siege Tank  
  188  11:41  Medivac x2, Raven  
  188  11:42  Marine x3  
  188  11:43  Marine x3  
  188  11:45  Marine  
  188  11:46  Marine  
  200  11:57  Terran Infantry Weapons Level 3  
  198  12:10  Marine  
  198  12:15  Marine x2  
  188  12:16  Marine  
  188  12:17  Marine x3  
  188  12:18  Marine x2  
  180  12:23  Raven  
  180  12:26  Raven, Viking x2  
  180  12:28  Marine  
  189  12:33  Marine x2  
  189  12:34  Marine  
  189  12:35  Marine x3  
  189  12:36  Marine x2  
  197  12:41  Refinery  
  197  12:43  Refinery  
  197  12:44  Planetary Fortress  
  197  12:46  Marine  
  197  12:50  Marine x2  
  183  12:52  Marine  
  183  12:53  Marine x3  
  183  12:54  Marine x2  
  183  12:56  Viking x2  
  191  13:04  Marine  
  192  13:07  Siege Tank  
  192  13:08  Marine x2, Raven  
  192  13:12  Marine  
  200  13:27  Command Center  
  200  13:30  Marine  
  200  13:39  Command Center  
  200  13:46  Marine  
  155  13:48  Siege Tank  
  155  13:50  Marine x2  
  155  13:52  Marine x5  
  155  13:54  Marine  
  147  13:56  Raven x2  
  147  13:57  Viking x2  
  155  14:04  Marine  
  155  14:07  Marine  
  155  14:08  Marine  
  148  14:10  Marine x2  
  148  14:11  Marine  
  148  14:13  Marine x3  
  137  14:22  Marine  
  141  14:25  Marine x2  
  141  14:28  Marine x2  
  141  14:29  Marine  
  141  14:30  Marine  
  141  14:31  Marine x2  
  142  14:32  SCV x2  
  142  14:33  SCV  
Show
View Real Time Build Order
Export as new Build Order

TYTY Terran - Winner!

Build Orders: Cyclone Opening, Gas First Reaper Expand, Reaper Expand, Bio Tank 

Get SALT Encoding   

  12  0:00  SCV  
  13  0:12  SCV  
  14  0:17  Supply Depot  
  14  0:25  SCV  
  15  0:29  Refinery  
  15  0:38  SCV  
  16  0:44  Barracks  
  16  0:50  SCV  
  17  1:02  SCV  
  18  1:14  SCV  
  19  1:32  Reaper, Orbital Command  
  20  1:44  Command Center  
  20  1:55  Factory  
  20  1:59  SCV  
  21  2:06  Barracks Reactor  
  21  2:11  Supply Depot  
  21  2:14  SCV  
  22  2:19  Refinery  
  22  2:26  SCV  
  21  2:38  SCV  
  21  2:43  Marine x2, Cyclone  
  27  2:51  SCV  
  28  2:55  Orbital Command  
  28  3:00  Orbital Command  
  28  3:01  Marine x2  
  30  3:05  Starport  
  30  3:08  SCV  
  31  3:16  Factory Tech Lab  
  31  3:19  Marine x2  
  32  3:20  SCV  
  34  3:27  SCV  
  34  3:32  SCV  
  36  3:37  Marine x2  
  36  3:39  SCV  
  36  3:41  Supply Depot  
  39  3:45  SCV  
  40  3:49  Raven  
  40  3:51  SCV  
  40  3:55  Factory Tech Lab  
  44  3:57  SCV  
  46  4:03  SCV  
  46  4:09  SCV  
  46  4:12  Command Center  
  46  4:15  SCV  
  48  4:20  Supply Depot  
  48  4:21  SCV  
  48  4:27  SCV  
  48  4:29  Marine, Stimpack  
  50  4:33  SCV  
  50  4:37  Barracks  
  51  4:39  SCV  
  51  4:43  Barracks  
  51  4:45  SCV  
  50  4:50  Starport Reactor  
  50  4:51  SCV  
  50  4:52  Marine  
  52  4:57  SCV  
  53  5:04  SCV, Engineering Bay x2  
  54  5:09  SCV  
  54  5:10  Marine  
  56  5:16  SCV  
  57  5:21  SCV  
  57  5:23  Supply Depot  
  57  5:25  Orbital Command  
  57  5:27  Marine  
  57  5:28  SCV  
  60  5:29  Marine x2  
  60  5:31  Terran Infantry Weapons Level 1, Terran Infantry Armor Level 1  
  60  5:33  SCV, Starport Reactor  
  60  5:35  Missile Turret  
  63  5:40  SCV  
  62  5:46  SCV  
  62  5:48  Marine x4, Orbital Command  
  62  5:49  Marine  
  67  5:52  SCV  
  67  5:55  Refinery  
  68  5:58  SCV  
  68  5:59  Missile Turret  
  68  6:04  Supply Depot, SCV  
  69  6:06  Marine  
  69  6:08  Missile Turret  
  69  6:09  Medivac x2  
  69  6:10  SCV  
  76  6:15  Refinery  
  76  6:16  Marine x3, Siege Tank, SCV  
  76  6:18  SCV  
  84  6:20  Marine  
  84  6:25  Marine  
  86  6:28  SCV  
  86  6:29  Combat Shields  
  88  6:32  SCV  
  88  6:33  SCV  
  88  6:34  Marine  
  88  6:36  Missile Turret  
  88  6:38  Supply Depot  
  88  6:39  Medivac  
  92  6:42  SCV  
  92  6:45  Supply Depot  
  92  6:46  Supply Depot  
  93  6:51  SCV  
  93  6:55  Marine  
  93  6:57  SCV  
  93  6:58  Marine x2  
  93  6:59  Marine x2, Siege Tank, SCV  
  99  7:03  SCV  
  88  7:09  SCV  
  88  7:11  SCV  
  88  7:13  Marine  
  88  7:15  SCV  
  91  7:16  Marine  
  91  7:21  Marine x2  
  91  7:23  SCV  
  91  7:24  SCV  
  91  7:25  Barracks x2  
  91  7:26  Armory  
  91  7:28  SCV  
  90  7:31  Siege Tank  
  90  7:35  Marine x3, SCV  
  97  7:42  SCV x2  
  99  7:46  Marine x2  
  99  7:48  SCV  
  102  7:53  Marine, Refinery  
  102  7:54  Supply Depot, SCV x2  
  103  8:00  SCV  
  103  8:01  Marine x2  
  103  8:03  Marine, Medivac x2  
  103  8:05  Refinery  
  111  8:11  Sensor Tower  
  111  8:12  Barracks Reactor x2  
  111  8:13  Marine x2  
  111  8:15  SCV  
  113  8:22  Siege Tank, Factory  
  113  8:23  Marine x3  
  119  8:27  Supply Depot  
  120  8:34  Terran Infantry Weapons Level 2  
  120  8:35  Terran Infantry Armor Level 2  
  120  8:37  Marine x2  
  120  8:41  Marine  
  121  8:50  Marine x2  
  121  8:51  Marine x2  
  121  8:52  Marine x2, Command Center  
  121  8:54  Siege Tank  
  121  8:55  Marine  
  131  8:57  Viking  
  131  9:00  Supply Depot  
  133  9:09  Factory Tech Lab  
  133  9:15  Supply Depot  
  131  9:20  Terran Vehicle Weapons Level 1  
  131  9:21  Supply Depot  
  131  9:22  Supply Depot  
  132  9:24  SCV  
  133  9:36  Marine x4  
  133  9:37  Marine, Siege Tank, SCV x2  
  141  9:39  Starport Reactor  
  141  9:42  Marine x3  
  141  9:43  Siege Tank  
  141  9:44  SCV  
  141  9:45  Supply Depot  
  144  9:47  Supply Depot  
  144  9:48  Marine  
  144  9:49  SCV x2  
  147  9:54  Marine  
  147  9:55  Marine x4  
  147  9:56  SCV  
  152  10:00  Marine  
  150  10:07  SCV x2  
  150  10:08  SCV  
  150  10:10  Missile Turret  
  150  10:11  Marine x3  
  150  10:12  Marine  
  150  10:13  Marine x4, Siege Tank  
  164  10:15  Siege Tank  
  164  10:16  Planetary Fortress  
  167  10:29  Marine  
  167  10:30  Marine x2  
  170  10:38  Medivac x2  
  174  10:44  Starport  
  174  10:45  Marine x3, Siege Tank  
  174  10:47  Marine  
  180  10:50  Supply Depot  
  180  10:51  Supply Depot x2  
  180  10:54  Terran Infantry Armor Level 3, Terran Infantry Weapons Level 3  
  180  11:00  Marine  
  180  11:01  Marine  
  179  11:09  SCV  
  180  11:11  Siege Tank, SCV x2  
  180  11:17  Viking x2  
  189  11:18  Siege Tank  
  189  11:19  Marine  
  189  11:20  Marine x7  
  189  11:25  Refinery  
  200  11:26  Refinery, Sensor Tower  
  196  11:37  Marine, Starport Tech Lab  
  196  11:38  Marine x6, Starport  
  199  11:40  Terran Vehicle And Ship Armor Level 1  
  199  11:41  SCV  
  200  11:51  Command Center x2  
  199  12:04  Raven  
  196  12:08  Corvid Reactor, Medivac  
  181  12:18  Siege Tank x2  
  181  12:22  Marine x9  
  165  12:28  Missile Turret  
  165  12:29  Starport Tech Lab  
  167  12:33  Barracks  
  167  12:34  Barracks  
  167  12:35  Missile Turret  
  167  12:40  Marine x4  
  171  12:45  Marine x5  
  171  12:50  Siege Tank  
  155  12:52  Siege Tank  
  155  12:53  Medivac x2, Raven  
  155  12:57  Marine  
  155  12:58  Marine x3  
  160  13:03  Marine x5  
  160  13:05  Planetary Fortress  
  165  13:06  Orbital Command  
  165  13:15  Marine x3  
  165  13:16  Marine  
  165  13:17  SCV  
  170  13:20  Marine  
  170  13:21  Marine x3  
  170  13:22  Siege Tank  
  170  13:26  Marine  
  178  13:33  Marine x4, Siege Tank, Raven  
  187  13:35  Raven  
  187  13:38  Marine  
  187  13:39  Marine x3  
  191  13:44  Marine  
  177  13:51  Marine x4  
  177  13:54  Siege Tank  
  177  13:55  Medivac x2  
  186  13:56  Marine x4, SCV x3  
  186  14:02  Marine  
  192  14:05  Siege Tank  
  192  14:09  Marine x2  
  189  14:12  Marine x2  
  189  14:14  Marine x4  
  188  14:18  Medivac  
  188  14:20  Marine  
  188  14:21  Barracks Reactor  
  189  14:26  Marine  
  189  14:27  Marine  
  189  14:29  Marine  
  189  14:30  Marine, Barracks Reactor  
  193  14:32  Marine x3  
  193  14:33  Marine  
  192  14:52  Command Center  
Tags
 
Add a new tag
Caveats
  • Supply blocks, unpowered buildings, or Contaminate may cause inaccurate times.
  • Supply counts are checked every 10 seconds.